 Dungeon Crawl Stone Soup version 0.30-a0-672-gc3a7216ad8 (webtiles) character file.

Game seed: 6768086866810603727

11 wormed the Sneak (level 2, 0/19 HPs)
             Began as a Kobold Delver on Jan 18, 2023.
             Slain by a gnoll bouda
             ... wielding a +0 whip
              (10 damage)
             ... on level 4 of the Dungeon.
             The game lasted 00:01:02 (280 turns).

wormed the Sneak (Kobold Delver)                     Turns: 280, Time: 00:01:03

Health: 0/19       AC:  3    Str:  9    XL:     2   Next: 40%
Magic:  2/2        EV: 14    Int: 11    God:
Gold:   21         SH:  0    Dex: 16    Spells: 1/1 levels left

rFire   . . .      SeeInvis .    a - +0 short sword
rCold   . . .      Faith    .    (no shield)
rNeg    . . .      Spirit   .    b - +0 leather armour
rPois   .          Reflect  .    (no helmet)
rElec   .          Harm     .    (no cloak)
rCorr   .          Rampage  .    (no gloves)
Will    .....                    (no boots)
Stlth   ++++                     (no amulet)
HPRegen 0.23/turn                (no ring)
MPRegen 0.08/turn                (no ring)

@: no status effects
A: small, no large weapons, nightstalker 3
a: no special abilities


You were on level 4 of the Dungeon.
You visited 1 branch of the dungeon, and saw 3 of its levels.

You collected 21 gold pieces.

Inventory:

Hand Weapons
 a - a +0 short sword (weapon)
Armour
 b - a +0 leather armour (worn)
Wands
 g - a wand of digging (3)
Scrolls
 c - a scroll of fog
 d - a scroll of enchant weapon {unknown}


   Skills:
 + Level 3.5 Fighting
 + Level 3.0 Short Blades
 + Level 2.7 Dodging
 + Level 6.8 Stealth


You had one spell level left.
You didn't know any spells.
Your spell library was empty.

Dungeon Overview and Level Annotations

Branches:
Dungeon (6/15)
 Temple: D:4-7

Altars:


Innate Abilities, Weirdness & Mutations

You are small and have problems with some larger weapons.
You are completely attuned to the shadows.


Message History

You impale the kobold!!
You kill the kobold!
You now have 17 gold pieces (gained 5).
You open the door.
An adder comes into view.
There is an open door here.
Found a stone staircase leading down.
The helpless adder fails to defend itself.
You impale the adder!!
You kill the adder!
Your Short Blades skill increases to level 3!
You have reached level 2!
An endoplasm comes into view.
An endoplasm is nearby!
The endoplasm quivers.
The endoplasm hits you but does no damage.
You hit the endoplasm.
The endoplasm is heavily wounded.
The endoplasm freezes you.
You are frozen.
You hit the endoplasm.
You kill the endoplasm!
No target in view!
You now have 21 gold pieces (gained 4).
A gnoll bouda comes into view. It is wielding a +0 whip.
The gnoll bouda shouts!
You hear a shout!
The gnoll bouda misses you.
You hear a shout!
You hit the gnoll bouda.
The gnoll bouda is lightly wounded.
You hear an angry hiss.
You hit the gnoll bouda but do no damage.
The gnoll bouda is lightly wounded.
A gnoll comes into view. It is wielding a +0 club.
The gnoll bouda hits you with a +0 whip!
You hit the gnoll bouda.
The gnoll bouda is moderately wounded.
The gnoll bouda hits you with a +0 whip!
Ouch! That really hurt!
You die...

#.........#............#
##.......##.....>......#
##########............#
.....##....####
.....##....#..#
.g...##.......#
..............#
..............#
....@##......##
....g##......#
.....##......#
#######......# #.......#
#.......# #.......#
#########


You could see a gnoll bouda and a gnoll.

Vanquished Creatures
  An adder (D:4)
  An endoplasm (D:4)
  A kobold (D:4)
3 creatures vanquished.

Vanquished Creatures (others)
  6 plants (D:6)
6 creatures vanquished.

Grand Total: 9 creatures vanquished

Notes
Turn   | Place    | Note
-------+----------+-------------------------------------------
     0 | D:5      | wormed the Kobold Delver began the quest for the Orb.
     0 | D:5      | Reached XP level 1. HP: 14/14 MP: 1/1
    70 | D:5      | Noticed a gnoll bouda
   110 | D:6      | Noticed a gnoll sergeant
   157 | D:5      | Noticed a hound
   160 | D:5      | Noticed an ogre
   234 | D:4      | Reached XP level 2. HP: 19/19 MP: 2/2
   280 | D:4      | Slain by a gnoll bouda

Illustrated notes

Levels and vault maps discovered:
D:4:      layout_gridville, minmay_misc_feat_diagonals, minmay_misc_feat_alley
D:5:      layout_basic, minivault_14, grunt_decor_cap, uniq_sigmund
D:6:      layout_loops_corners, nicolae_grassy_gnolls

Skill      XL: |  1 |
---------------+----+-----
Short Blades   | 3 |  3.0
Fighting       | |  3.5
Dodging        | |  2.7
Stealth        | |  6.8

Action                   || total
-------------------------++-------
Melee: Short sword       ||     8
  Use: Scroll            ||     2
       Potion            ||     1
 Stab: Sleeping          ||     2
Armor: Leather armour    ||     3
Dodge: Dodged            ||     8

Table legend: (Time is in decaauts)
 A = Elapsed time spent in this place.
 B = Non-inter-level travel time spent in this place.
 C = Inter-level travel time spent in this place.
 D = Time resting spent in this place.
 E = Time spent auto-exploring this place.
 F = Levels seen in this place.
 G = Mean time per level.
                   A        B        C        D        E       F      G
               +--------+--------+--------+--------+--------+-----+--------+
         Total |    259 |    259 |      0 |      0 |    146 |   3 |   86.3 |
       Dungeon |    259 |    259 |      0 |      0 |    146 |   3 |   86.3 |
               +--------+--------+--------+--------+--------+-----+--------+

Top non-repeatable levels by time:
     D:5: 143 daAuts
     D:4: 80 daAuts
     D:6: 35 daAuts
